NCAA
OKLAHOMA SOONERS @ ARIZONA STATE SUN DEVILS
04/19/2025
 
TOP OF THE 1ST
Oklahoma Sooners batting - Pitching for Arizona State Sun Devils : RHP Kevin Warren
Pitching: RHP Kevin Warren
Batting: SHB Ryan Holcomb 0-0: Foul Ball, location: 2F
0-1: DOUBLE (Flyball, 8RM)
Batting: SHB César Álvarez 0-0: Swinging Strike
0-1: Foul Ball, location: 2F
0-2: Ball
1-2: Foul Ball, location: 2F
1-2: Foul Ball, location: 2F
1-2: Foul Ball, location: 2F
1-2: Foul Ball, location: 2F
1-2: Strikes out swinging
Batting: RHB Scott Williams 0-0: Ball
1-0: SINGLE (Groundball, 4M)
Ryan Holcomb to third
Runner from 3rd tries for Home, SAFE, no throw or cutoff
Batting: LHB Keith Green 0-0: Called Strike
Scott Williams steals 2nd base
0-1: Foul Ball, location: 2F
0-2: Ball
1-2: Strikes out swinging
Batting: RHB Ralph Hayes 0-0: Ground out 6-3 (Groundball, 6)
Top of the 1st over - 1 run(s), 2 hit(s), 0 error(s), 1 left on base; Oklahoma 1 - Arizona State 0
BOTTOM OF THE 1ST
Arizona State Sun Devils batting - Pitching for Oklahoma Sooners : RHP Ken Tabb
Pitching: RHP Ken Tabb
Batting: RHB Matt Tucker 0-0: Fly out, F9 (Flyball, 9M)
Batting: RHB Walter Brown 0-0: Fly out, F4 (Popup, 34D)
Batting: RHB Edison Olson 0-0: Ball
1-0: Foul Ball, location: 2F
1-1: Ball
2-1: Called Strike
2-2: Foul Ball, location: 2F
2-2: Foul Ball, location: 2F
2-2: Strikes out swinging
Bottom of the 1st over - 0 run(s), 0 hit(s), 0 error(s), 0 left on base; Oklahoma 1 - Arizona State 0
TOP OF THE 2ND
Oklahoma Sooners batting - Pitching for Arizona State Sun Devils : RHP Kevin Warren
Batting: RHB Rafael Barajas 0-0: Ball
1-0: Ball
2-0: Ball
3-0: Base on Balls
Batting: RHB Steven Wright 0-0: Called Strike
0-1: Ball
1-1: Ball
2-1: Foul Ball, location: 2F
2-2: Ball
3-2: Foul Ball, location: 2F
3-2: Base on Balls
Rafael Barajas to second
Batting: RHB José Ramos 0-0: Called Strike
0-1: Foul Ball, location: 2F
0-2: Ball
1-2: Fly out, F7 (Flyball, 7M)
Batting: RHB Chris Wilson 0-0: Called Strike
0-1: Ball
1-1: Foul Ball, location: 2F
1-2: Ball
2-2: Ball
3-2: Fly out, F9 (Flyball, 89M)
Batting: SHB Ryan Holcomb 0-0: Swinging Strike
0-1: Foul Ball, location: 2F
0-2: Strikes out swinging
Top of the 2nd over - 0 run(s), 0 hit(s), 0 error(s), 2 left on base; Oklahoma 1 - Arizona State 0
BOTTOM OF THE 2ND
Arizona State Sun Devils batting - Pitching for Oklahoma Sooners : RHP Ken Tabb
Batting: LHB Enrique Cruz 0-0: Called Strike
0-1: SOLO HOME RUN (Flyball, 89XD), Distance : 365 ft
Batting: RHB Joaquín Valenzuela 0-0: Called Strike
0-1: Swinging Strike
0-2: Ball
1-2: Foul Ball, location: 2F
1-2: Foul Ball, location: 2F
1-2: SINGLE (Flyball, 9LS)
Batting: RHB Cory Hester 0-0: 2-RUN HOME RUN (Flyball, 7LD), Distance : 325 ft
Batting: RHB Carlos García 0-0: SINGLE (Groundball, 34S)
Batting: RHB Roger Rush 0-0: Ball
1-0: Ball
2-0: Ball
3-0: Called Strike
3-1: Base on Balls
Carlos García to second
Batting: LHB Millard Adams 0-0: Ball
1-0: Ball
2-0: Called Strike
2-1: Grounds into double play, 4-6-3 (Groundball, 4)
Carlos García to third
Batting: RHB Matt Tucker 0-0: Fly out, F5 (Popup, 25)
Bottom of the 2nd over - 3 run(s), 4 hit(s), 0 error(s), 1 left on base; Oklahoma 1 - Arizona State 3
TOP OF THE 3RD
Oklahoma Sooners batting - Pitching for Arizona State Sun Devils : RHP Kevin Warren
Batting: SHB César Álvarez 0-0: Ball
1-0: Foul Ball, location: 2F
1-1: Swinging Strike
1-2: Strikes out swinging
Batting: RHB Scott Williams 0-0: Ball
1-0: Ball
2-0: SOLO HOME RUN (Flyball, 8LXD), Distance : 382 ft
Batting: LHB Keith Green 0-0: Ball
1-0: Ball
2-0: SINGLE (Flyball, 9S)
Batting: RHB Ralph Hayes 0-0: Ball
1-0: Foul Ball, location: 2F
1-1: Called Strike
1-2: Ball
2-2: Ball
Wild Pitch!
Keith Green to second
3-2: Foul Ball, location: 2F
3-2: Base on Balls
Batting: RHB Rafael Barajas 0-0: Foul Ball, location: 2F
0-1: Foul Ball, location: 2F
0-2: Strikes out swinging
Batting: RHB Steven Wright 0-0: Ball
1-0: Ball
2-0: Ball
3-0: Called Strike
3-1: Base on Balls
Keith Green to third
Ralph Hayes to second
Batting: RHB José Ramos 0-0: Called Strike
0-1: Ball
1-1: Ball
2-1: Ball
3-1: Base on Balls
Keith Green scores
Ralph Hayes to third
Steven Wright to second
Batting: RHB Chris Wilson 0-0: Called Strike
0-1: Ground out 1-3 (Groundball, 15)
Top of the 3rd over - 2 run(s), 2 hit(s), 0 error(s), 3 left on base; Oklahoma 3 - Arizona State 3
BOTTOM OF THE 3RD
Arizona State Sun Devils batting - Pitching for Oklahoma Sooners : RHP Ken Tabb
Batting: RHB Walter Brown 0-0: Called Strike
0-1: Foul Ball, location: 2F
0-2: Ball
1-2: Ground out 6-3 (Groundball, 6)
Batting: RHB Edison Olson 0-0: SOLO HOME RUN (Flyball, 7LD), Distance : 328 ft
Batting: LHB Enrique Cruz 0-0: Ball
1-0: Ground out 4-3 (Groundball, 4)
Batting: RHB Joaquín Valenzuela 0-0: Ball
1-0: Ball
2-0: Called Strike
2-1: Ball
3-1: Swinging Strike
3-2: Base on Balls
Batting: RHB Cory Hester 0-0: Ball
1-0: Called Strike
1-1: Ball
2-1: Fly out, F8 (Flyball, 8RM)
Bottom of the 3rd over - 1 run(s), 1 hit(s), 0 error(s), 1 left on base; Oklahoma 3 - Arizona State 4
TOP OF THE 4TH
Oklahoma Sooners batting - Pitching for Arizona State Sun Devils : RHP Kevin Warren
Batting: SHB Ryan Holcomb 0-0: Called Strike
0-1: Bunted foul
0-2: Ball
1-2: Foul Ball, location: 2F
1-2: Strikes out looking
Batting: SHB César Álvarez 0-0: Ball
1-0: Ball
2-0: Fly out, F9 (Flyball, 89M)
Batting: RHB Scott Williams 0-0: Ball
1-0: Ball
2-0: Called Strike
2-1: Fly out, F7 (Line Drive, 7M)
Top of the 4th over - 0 run(s), 0 hit(s), 0 error(s), 0 left on base; Oklahoma 3 - Arizona State 4
BOTTOM OF THE 4TH
Arizona State Sun Devils batting - Pitching for Oklahoma Sooners : RHP Ken Tabb
Batting: RHB Carlos García 0-0: Called Strike
0-1: Ball
1-1: Ball
2-1: Foul Ball, location: 2F
2-2: Foul Ball, location: 2F
2-2: Ground out 4-3 (Groundball, 4)
Batting: RHB Roger Rush 0-0: Called Strike
0-1: Called Strike
0-2: Ball
1-2: Strikes out swinging
Batting: LHB Millard Adams 0-0: Called Strike
0-1: Ball
1-1: Ball
2-1: Ball
3-1: Fly out, F6 (Popup, 6D)
Bottom of the 4th over - 0 run(s), 0 hit(s), 0 error(s), 0 left on base; Oklahoma 3 - Arizona State 4
TOP OF THE 5TH
Oklahoma Sooners batting - Pitching for Arizona State Sun Devils : RHP Kevin Warren
Pitching: LHP Michael Clark
Batting: LHB Keith Green 0-0: Foul Ball, location: 2F
0-1: Ball
1-1: SINGLE (Line Drive, 34D)
Batting: RHB Ralph Hayes 0-0: Called Strike
0-1: Called Strike
Keith Green steals 2nd base
0-2: Ball
1-2: Ball
2-2: Foul Ball, location: 2F
2-2: Foul Ball, location: 2F
2-2: Foul Ball, location: 2F
2-2: Fly out, F3 (Popup, 9LSF)
Batting: RHB Rafael Barajas 0-0: Called Strike
Keith Green steals 3rd base
0-1: Ball
1-1: Called Strike
1-2: Ball
2-2: Foul Ball, location: 2F
2-2: Strikes out swinging passed ball, reaches first!
Keith Green scores
Batting: RHB Steven Wright 0-0: Swinging Strike
0-1: Fly out, F8 (Flyball, 8LM)
Batting: RHB José Ramos 0-0: Ground out 6-3 (Groundball, 6)
Top of the 5th over - 1 run(s), 1 hit(s), 0 error(s), 1 left on base; Oklahoma 4 - Arizona State 4
BOTTOM OF THE 5TH
Arizona State Sun Devils batting - Pitching for Oklahoma Sooners : RHP Ken Tabb
Batting: RHB Matt Tucker 0-0: Ball
1-0: Ball
2-0: Ball
3-0: Called Strike
3-1: Base on Balls
Batting: RHB Walter Brown 0-0: Ball
1-0: Grounds into double play, 5-4-3 (Groundball, 56)
Batting: RHB Edison Olson 0-0: Fly out, F7 (Flyball, 78S)
Bottom of the 5th over - 0 run(s), 0 hit(s), 0 error(s), 0 left on base; Oklahoma 4 - Arizona State 4
TOP OF THE 6TH
Oklahoma Sooners batting - Pitching for Arizona State Sun Devils : LHP Michael Clark
Batting: RHB Chris Wilson 0-0: Ball
1-0: Ball
2-0: SINGLE (Groundball, 6M)
Batting: SHB Ryan Holcomb Pickoff Throw to First - Error! E1
Chris Wilson to second
0-0: Ball
1-0: Swinging Strike
1-1: Foul Ball, location: 2F
1-2: Ball
2-2: Ball
3-2: Base on Balls
Batting: SHB César Álvarez 0-0: Foul Ball, location: 2F
0-1: Foul Ball, location: 2F
0-2: Strikes out looking
Batting: RHB Scott Williams 0-0: Called Strike
0-1: Ball
Chris Wilson steals 3rd base
Ryan Holcomb to second
1-1: Ball
2-1: Foul Ball, location: 2F
2-2: Foul Ball, location: 2F
2-2: Strikes out swinging
Batting: LHB Keith Green 0-0: Called Strike
0-1: Ball
1-1: Ball
2-1: Ball
3-1: Called Strike
3-2: Base on Balls
Pitching: LHP Ryan Stevenson
Batting: RHB Ralph Hayes 0-0: Called Strike
0-1: SINGLE (Flyball, 78S)
Chris Wilson scores
Ryan Holcomb to third
Keith Green to second
Runner from 3rd tries for Home, SAFE, no throw or cutoff
Batting: RHB Rafael Barajas 0-0: SINGLE (Groundball, 6MD)
Keith Green to third
Ralph Hayes to second
Runner from 3rd tries for Home, SAFE, no throw or cutoff
Batting: RHB Steven Wright 0-0: Ball
1-0: Called Strike
1-1: Fly out, F7 (Line Drive, 78M)
Top of the 6th over - 3 run(s), 3 hit(s), 1 error(s), 2 left on base; Oklahoma 7 - Arizona State 4
BOTTOM OF THE 6TH
Arizona State Sun Devils batting - Pitching for Oklahoma Sooners : RHP Ken Tabb
Batting: LHB Enrique Cruz 0-0: Fly out, F7 (Line Drive, 7S)
Batting: RHB Joaquín Valenzuela 0-0: Fly out, F9 (Popup, 4D)
Batting: RHB Cory Hester 0-0: DOUBLE (Line Drive, 78D)
Batting: RHB Carlos García 0-0: Foul Ball, location: 2F
0-1: Ball
1-1: Ball
2-1: SINGLE (Groundball, 5L)
Cory Hester to third
Runner from 3rd tries for Home, SAFE, no throw or cutoff
Batting: RHB Roger Rush 0-0: Foul Ball, location: 2F
0-1: Foul Ball, location: 2F
0-2: Fly out, F8 (Flyball, 89M)
Bottom of the 6th over - 1 run(s), 2 hit(s), 0 error(s), 1 left on base; Oklahoma 7 - Arizona State 5
TOP OF THE 7TH
Oklahoma Sooners batting - Pitching for Arizona State Sun Devils : LHP Ryan Stevenson
Batting: RHB José Ramos 0-0: Foul Ball, location: 2F
0-1: Foul Ball, location: 2F
0-2: Fly out, F9 (Line Drive, 9S)
Batting: RHB Chris Wilson 0-0: Fly out, F2 (Popup, 2L)
Batting: SHB Ryan Holcomb 0-0: Ball
1-0: Swinging Strike
1-1: Ball
2-1: Foul Ball, location: 2F
2-2: Ball
3-2: Foul Ball, location: 2F
3-2: Strikes out looking
Top of the 7th over - 0 run(s), 0 hit(s), 0 error(s), 0 left on base; Oklahoma 7 - Arizona State 5
BOTTOM OF THE 7TH
Arizona State Sun Devils batting - Pitching for Oklahoma Sooners : RHP Ken Tabb
Batting: LHB Millard Adams 0-0: Ball
1-0: Ball
2-0: Ball
3-0: Called Strike
3-1: Fly out, F8 (Flyball, 8LM)
Pitching: RHP Neil Adams
Batting: RHB Matt Tucker 0-0: Ball
1-0: Ball
2-0: Ball
3-0: Base on Balls
Batting: RHB Walter Brown 0-0: Ball
1-0: Ball
2-0: Ball
3-0: Called Strike
3-1: Base on Balls
Matt Tucker to second
Batting: RHB Edison Olson 0-0: Called Strike
0-1: Called Strike
0-2: Ball
1-2: Ball
2-2: Foul Ball, location: 2F
2-2: Strikes out swinging
Batting: LHB Enrique Cruz 0-0: Ball
1-0: Ball
2-0: Called Strike
2-1: Called Strike
2-2: Foul Ball, location: 2F
2-2: Fly out, F8 (Line Drive, 8LM)
Bottom of the 7th over - 0 run(s), 0 hit(s), 0 error(s), 2 left on base; Oklahoma 7 - Arizona State 5
TOP OF THE 8TH
Oklahoma Sooners batting - Pitching for Arizona State Sun Devils : LHP Ryan Stevenson
Batting: SHB César Álvarez 0-0: Ball
1-0: Ground out U3 (Groundball, 3S)
Batting: RHB Scott Williams 0-0: Ball
1-0: Ball
2-0: Swinging Strike
2-1: Foul Ball, location: 2F
2-2: Foul Ball, location: 2F
2-2: Fly out, F6 (Line Drive, 6)
Batting: LHB Keith Green 0-0: SINGLE (Line Drive, 34)
Batting: RHB Ralph Hayes 0-0: Ball
1-0: Ball
2-0: Ball
3-0: Called Strike
3-1: Fly out, F9 (Flyball, 9M)
Top of the 8th over - 0 run(s), 1 hit(s), 0 error(s), 1 left on base; Oklahoma 7 - Arizona State 5
BOTTOM OF THE 8TH
Arizona State Sun Devils batting - Pitching for Oklahoma Sooners : RHP Neil Adams
Batting: RHB Joaquín Valenzuela 0-0: Ball
1-0: Ground out 6-3 (Groundball, 6)
Batting: RHB Cory Hester 0-0: Ball
1-0: Called Strike
1-1: Ball
2-1: Called Strike
2-2: Fly out, F3 (Popup, 3S)
Batting: RHB Carlos García 0-0: Swinging Strike
0-1: Ground out 6-3 (Groundball, 6)
Bottom of the 8th over - 0 run(s), 0 hit(s), 0 error(s), 0 left on base; Oklahoma 7 - Arizona State 5
TOP OF THE 9TH
Oklahoma Sooners batting - Pitching for Arizona State Sun Devils : LHP Ryan Stevenson
Batting: RHB Rafael Barajas 0-0: Ball
1-0: Called Strike
1-1: Foul Ball, location: 2F
1-2: Strikes out swinging
Batting: RHB Steven Wright 0-0: Ball
1-0: Ball
2-0: Called Strike
2-1: Ball
3-1: Base on Balls
Batting: RHB José Ramos 0-0: Ball
1-0: Ball
Wild Pitch!
Steven Wright to second
2-0: Intentional Walk
Pitching: LHP Hunter Cote
Batting: RHB Chris Wilson 0-0: Foul Ball, location: 2F
0-1: Foul Ball, location: 2F
0-2: Strikes out swinging
Batting: SHB Ryan Holcomb 0-0: Foul Ball, location: 2F
0-1: Reached on error, E1 (Groundball, 15S)
Steven Wright to third
José Ramos to second
Batting: SHB César Álvarez 0-0: Ball
1-0: Fly out, F8 (Flyball, 8RM)
Top of the 9th over - 0 run(s), 0 hit(s), 1 error(s), 3 left on base; Oklahoma 7 - Arizona State 5
BOTTOM OF THE 9TH
Arizona State Sun Devils batting - Pitching for Oklahoma Sooners : RHP Neil Adams
Pitching: RHP Alex Hicks
Batting: RHB Roger Rush 0-0: Fly out, F3 (Popup, 3L)
Batting: LHB Millard Adams 0-0: Called Strike
0-1: Foul Ball, location: 2F
0-2: Strikes out swinging
Batting: RHB Matt Tucker 0-0: Ball
1-0: Foul Ball, location: 2F
1-1: Foul Ball, location: 2F
1-2: Ball
2-2: Fly out, F7 (Line Drive, 78M)
Bottom of the 9th over - 0 run(s), 0 hit(s), 0 error(s), 0 left on base; Oklahoma 7 - Arizona State 5
This league is powered by Out of the Park Baseball, the baseball management simulation game for PC, Mac and Linux
Tuesday, August 2nd, 2016 - OOTP Baseball 16.8 Build 38